 Dungeon Crawl Stone Soup version 0.29-a0-284-gf9362112df (webtiles) character file.

Game seed: 2192011014124529839

10 NinjaNoafa the Shield-Bearer (level 2, 0/27 HPs)
             Began as a Minotaur Fighter on Mar 25, 2022.
             Slain by an orc
             ... wielding a +0 mace
              (6 damage)
             ... on level 3 of the Dungeon.
             The game lasted 00:05:14 (233 turns).

NinjaNoafa the Shield-Bearer (Minotaur Fighter)      Turns: 233, Time: 00:05:15

Health: 0/27       AC:  7    Str: 20    XL:     2   Next: 10%
Magic:  1/1        EV:  9    Int:  5    God:
Gold:   32         SH:  4    Dex:  9    Spells: 1/1 levels left

rFire   . . .      SeeInvis .   i - +0 whip
rCold   . . .      Faith    .   c - +0 buckler
rNeg    . . .      Spirit   .   b - +0 scale mail
rPois   .          Reflect  .   (helmet restricted)
rElec   .          Harm     .   (no cloak)
rCorr   .          Rampage  .   (no gloves)
Will    .....                   (no boots)
Stlth   ..........              (no amulet)
HPRegen 0.09/turn               (no ring)
MPRegen 0.07/turn               (no ring)

@: no status effects
A: horns 2, retaliatory headbutt
a: no special abilities


You were on level 3 of the Dungeon.
You visited 1 branch of the dungeon, and saw 3 of its levels.

You collected 32 gold pieces.

Inventory:

Hand Weapons
 a - a +0 long sword
 g - a +0 club
 h - a +0 club
 i - a +0 whip (weapon)
 k - a +0 club
Missiles
 j - a stone (quivered)
Armour
 b - a +0 scale mail (worn)
 c - a +0 buckler (worn)
Scrolls
 f - a scroll of identify {unknown}
Potions
 d - a potion of might
 e - a potion of curing {unknown}


   Skills:
 + Level 3.8 Fighting
 + Level 2.5 Long Blades
 + Level 3.9 Armour
 + Level 4.0 Shields


You had one spell level left.
You didn't know any spells.
Your spell library was empty.

Dungeon Overview and Level Annotations

Branches:
Dungeon (3/15)

Altars:


Innate Abilities, Weirdness & Mutations

You have a pair of horns on your head.
You reflexively headbutt those who attack you in melee.


Message History

a +0 club; a kobold corpse
k - a +0 club
Found a stone staircase leading down.
There is a stone staircase leading down here.
You can't go down here!
There is a stone staircase leading down here.
You climb downwards.
There is a stone staircase leading up here.
You open the door.
There is an open door here.
An orc priest comes into view.
It is wielding a +0 flail. 2 orcs come into view.
The orc shouts!
The orc priest shouts!
The orc priest mumbles some strange prayers to Beogh against you.
Pain shoots through your body!
The orc throws a boomerang.
You block the boomerang.
The orc moves out of view.
There are no items here.
Throw: 3 stones
Press: ? - help, Q - select action Shift-Dir - straight line, f - orc priest
Aim: an orc priest, wielding a +0 flail (54% to hit)
You throw a stone.
The stone hits the orc priest but does no damage.
The orc priest calls down the wrath of Beogh upon you.
Beogh smites you!
* * * LOW HITPOINT WARNING * * *
An orc comes into view. It is wielding a +0 hand axe.
The orc shouts!
Throw: 2 stones
Press: ? - help, Q - select action Shift-Dir - straight line, f/p - orc priest
Aim: an orc priest, wielding a +0 flail (54% to hit)
You throw a stone.
The stone hits the orc priest but does no damage.
You hit the orc priest.
The orc priest is heavily wounded.
The orc priest hits you with a +0 flail.
* * * LOW HITPOINT WARNING * * *
The orc closely misses you. You furiously retaliate!
You headbutt the orc, but do no damage. The orc attacks as you move away!
The orc hits you with a +0 mace.
You die...

...# ...#
##...#
#<...##
#.....###
#.......#
##'#.....#
#.##..oooo..#
#.....@##...#
####...# ...#
#...# ..#
#...# .#
#...# #...#
#...# #...#


You could see an orc priest and 3 orcs.

Vanquished Creatures
  A ball python (D:1)
  A bat (D:1)
  An endoplasm (D:1)
  A goblin (D:1)
  A hobgoblin (D:1)
  3 kobolds
  A rat (D:1)
9 creatures vanquished.

Notes
Turn   | Place    | Note
-------+----------+-------------------------------------------
     0 | D:1      | NinjaNoafa the Minotaur Fighter began the quest for the
                  | Orb.
     0 | D:1      | Reached XP level 1. HP: 19/19 MP: 0/0
     5 | D:1      | Noticed a six-headed hydra
   179 | D:1      | Reached skill level 4 in Shields
   179 | D:1      | Reached XP level 2. HP: 22/27 MP: 1/1
   233 | D:3      | Slain by an orc

Illustrated notes

Levels and vault maps discovered:
D:1:      sevenhm_arrival_forest_fort_small_2, layout_loops_corners,
          chequers_ecumenical_altar_simple, minmay_stone_trees_small
D:2:      layout_basic, minmay_between
D:3:      layout_basic, elyvilon_altar_1, ebering_ghost_sewer_d

Skill      XL: |  1 |
---------------+----+-----
Shields        | 4 |  4.0
Fighting       | |  3.8
Long Blades    | |  2.5
Armour         | |  3.9

Action                   || total
-------------------------++-------
Melee: Long sword        ||    18
       Headbutt          ||     6
       Whip              ||     6
Throw: Stone             ||     2
Armor: Scale mail        ||    11
Dodge: Dodged            ||     9
Block: Buckler           ||     6

Table legend: (Time is in decaauts)
 A = Elapsed time spent in this place.
 B = Non-inter-level travel time spent in this place.
 C = Inter-level travel time spent in this place.
 D = Time resting spent in this place.
 E = Time spent auto-exploring this place.
 F = Levels seen in this place.
 G = Mean time per level.
                   A        B        C        D        E       F      G
               +--------+--------+--------+--------+--------+-----+--------+
         Total |    237 |    235 |      2 |      0 |      0 |   3 |   79.0 |
       Dungeon |    237 |    235 |      2 |      0 |      0 |   3 |   79.0 |
               +--------+--------+--------+--------+--------+-----+--------+

Top non-repeatable levels by time:
     D:1: 201 daAuts
     D:2: 23 daAuts
     D:3: 13 daAuts
